 Dungeon Crawl Stone Soup version 0.29.0-3-gbb0933ed62 (webtiles) character file.

Game seed: 11688686109910152327

129 gelatine the Insei (level 5, -11/33 HPs)
             Began as an Octopode Transmuter on Aug 26, 2022.
             Mangled by Sigmund
             ... wielding a +0 scythe
              (12 damage)
             ... on level 2 of the Dungeon.
             The game lasted 00:07:48 (2811 turns).

gelatine the Insei (Octopode Transmuter)            Turns: 2811, Time: 00:07:49

Health: -11/33     AC:  1    Str: 12    XL:     5   Next: 12%
Magic:  9/9        EV: 13    Int: 15    God:
Gold:   71         SH:  0    Dex: 12    Spells: 6/9 levels left

rFire   . . .      SeeInvis .     - Unarmed
rCold   . . .      Faith    .   (no shield)
rNeg    . . .      Spirit   .   (helmet currently unavailable)
rPois   .          Reflect  .   (no amulet)
rElec   .          Harm     .   (no ring)
rCorr   .          Rampage  .   (no ring)
Will    .....                   (no ring)
Stlth   +++.......              (no ring)
HPRegen 0.11/turn               (no ring)
MPRegen 0.11/turn               (no ring)
                                (no ring)
                                (no ring)

@: appendages (expiring)
A: tentacle spike 3, almost no armour, amphibious, 8 rings, camouflage 1,
gelatinous body 1, (nimble swimmer 1), tentacles
a: End Transformation


You were on level 2 of the Dungeon.
One of your tentacles had grown a beastly spike.
You visited 1 branch of the dungeon, and saw 2 of its levels.

You collected 71 gold pieces.

Inventory:

Jewellery
 g - an amulet of the acrobat
Scrolls
 c - a scroll of poison
 d - a scroll of enchant armour
 e - a scroll of blinking
Potions
 a - 2 potions of lignification
 b - 3 potions of curing
 j - a potion of haste {unknown}


   Skills:
 + Level 1.1 Fighting
 + Level 2.3 Dodging
 + Level 3.0 Stealth
 + Level 4.0 Unarmed Combat
 + Level 2.6 Spellcasting
 + Level 2.8 Transmutations


You had 6 spell levels left.
You knew the following spells:

 Your Spells              Type           Power      Damage    Failure   Level
a - Beastly Appendage     Tmut           20%        N/A       7%          1
b - Wereblood             Tmut           10%        N/A       10%         2

Your spell library contained the following spells:

 Spells                   Type           Power      Damage    Failure   Level
 Spider Form              Tmut/Pois      6%         N/A       34%         3
 Ice Form                 Ice/Tmut       6%         N/A       75%         4


Dungeon Overview and Level Annotations

Branches:
Dungeon (2/15)

Altars:

Annotations:
D:2 1 runed translucent door, Crazy Yiuf, Sigmund


Innate Abilities, Weirdness & Mutations

One of your tentacles has grown a beastly spike.
You cannot wear most types of armour.
You are amphibious.
You can wear up to eight rings at the same time.
Your skin changes colour to match your surroundings (Stealth+).
Your rubbery body absorbs attacks. (AC +1, EV +1)
((You are camouflaged when in or above water. (Stealth+)))
You have tentacles for arms and can constrict up to eight enemies at once.


Message History

It is a scroll of identify.
b - 3 potions of curing
As you read the scroll labelled NOCRES KICIKOFA, it crumbles to dust.
It is a scroll of amnesia.
Really abort (and waste the scroll)? [Y]es or [N]o only, please.
Really abort (and waste the scroll)? [Y]es or [N]o only, please.
Really abort (and waste the scroll)? [Y]es or [N]o only, please.
Really abort (and waste the scroll)? [Y]es or [N]o only, please.
Really abort (and waste the scroll)?
Okay, then.
Partly explored, can't reach some items and places.
You start waiting.
Done waiting.
Sigmund shouts!
Sigmund casts a spell.
Sigmund flickers and vanishes!
Deactivating autopickup; reactivate with Ctrl-A.
One of your tentacles grows a vicious spike.
Something completely misses you.
You tentacle-slap something.
Your tentacle spike misses something.
You squeeze something. You miss something. Your squeeze misses something.
Something hits you!
You closely miss something.
You pierce something.
Your tentacle-slap misses something.
Something hits you!
You closely miss something.
Your tentacle spike misses something.
You barely miss something.
Your tentacle spike misses something.
Your transformation is almost over.
Something hits you!
* * * LOW HITPOINT WARNING * * *
You closely miss something. You squeeze something. You barely miss something.
Your tentacle spike misses something.
Your tentacle-slap misses something.
Something hits you.
* * * LOW HITPOINT WARNING * * *
You tentacle-slap something but do no damage.
Something hits you!
You die...

⌠..#..# #.###.# ...##.####
#..##.# .###.....# ##.##.#
##...###.# #.##.#
...#####.############.##.#
.### #...............<##.#
##.# #.#########..######.#
##.###<# #{.# #.# ##..##.#
######@.######.#
###.##.####....?.........#
............####..########
##.........## #..#
#..##.##...## #..#
#).##.#[....###..#
#####............#
#...#.....###.##
###.##...####.#


There were no monsters in sight!

Vanquished Creatures
  Terence (D:2)
  A gnoll (D:1)
  4 adders (D:2)
  A dart slug (D:2)
  9 ball pythons
  3 endoplasms
  A giant cockroach (D:2)
  2 hobgoblins (D:1)
  6 jackals
  2 quokkas
  7 bats
  A frilled lizard (D:2)
  7 goblins
  5 kobolds
  7 rats
57 creatures vanquished.

Vanquished Creatures (others)
  3 plants (D:1)
  4 toadstools (D:1)
7 creatures vanquished.

Grand Total: 64 creatures vanquished

Notes
Turn   | Place    | Note
-------+----------+-------------------------------------------
     0 | D:1      | gelatine the Octopode Transmuter began the quest for the
                  | Orb.
     0 | D:1      | Reached XP level 1. HP: 13/13 MP: 3/3
   116 | D:1      | Reached skill level 1 in Stealth
   116 | D:1      | Reached XP level 2. HP: 18/18 MP: 1/5
   332 | D:1      | Reached XP level 3. HP: 23/23 MP: 4/6
   335 | D:1      | Learned a level 2 spell: Wereblood
   923 | D:2      | Noticed Sigmund
  1313 | D:2      | Noticed Terence
  1324 | D:2      | Killed Terence
  1325 | D:2      | Reached XP level 4. HP: 20/28 MP: 5/7
  1613 | D:2      | Found a faded altar of an unknown god.
  2038 | D:2      | Reached skill level 4 in Unarmed Combat
  2040 | D:2      | Reached XP level 5. HP: 33/33 MP: 3/8
  2231 | D:2      | Found a runed translucent door.
  2232 | D:2      | Noticed Crazy Yiuf
  2810 | D:2      | HP: 1/33 [something (4)]
  2811 | D:2      | Mangled by Sigmund

Illustrated notes

Levels and vault maps discovered:
D:1:      ldierk_walled_garden_2, layout_rooms, serial_forest,
          infiniplex_forest_clump_double, infiniplex_forest_straight_2,
          infiniplex_forest_lined_room_, infiniplex_forest_zigzag_1,
          infiniplex_forest_lined_room_2, infiniplex_forest_join,
          infiniplex_forest_end_2, amcnicky_mini_pool_small
D:2:      minmay_skewed_foursquare, layout_loops_ring,
          nicolae_ecumenical_snake_handling, ebering_dispersal_statue_hall,
          uniq_terence, uniq_crazy_yiuf_cottage, uniq_sigmund

Skill      XL: |  1  2  3  4  5 |
---------------+----------------+-----
Stealth        | 1 2 3 |  3.0
Unarmed Combat | 4 |  4.0
Fighting       | |  1.1
Dodging        | |  2.3
Spellcasting   | |  2.6
Transmutations | |  2.8

Action                   |  1- 3 |  4- 6 || total
-------------------------+-------+-------++-------
Melee: Unarmed           |    77 |    56 ||   133
       Kick              |    21 |    12 ||    33
       Tentacles         |    23 |     8 ||    31
       Constrict         |    19 |    15 ||    34
       Punch             |     3 |     1 ||     4
 Cast: Beastly Appendage |    17 |    16 ||    33
       Wereblood         |       |     1 ||     1
  Use: Scroll            |       |     6 ||     6
 Stab: Sleeping          |     5 |     6 ||    11
       Distracted        |       |     1 ||     1
Armor: Skin              |     6 |     6 ||    12
Dodge: Dodged            |    60 |    29 ||    89
